 Dungeon Sprint DCSS version 0.17-a0-1210-g1e4f09d (webtiles) character file.

79 Kidiri the Covert (level 4, -2/24 HPs)
             Began as a Spriggan Assassin on June 3, 2015.
             Slain by a water elemental (19 damage)
             ... in the Dungeon (Sprint III: "The Ten Rune Challenge").
             The game lasted 00:03:59 (389 turns).

Kidiri the Covert (Spriggan Assassin)                Turns: 389, Time: 00:03:59

Health: -2/24      AC:  4    Str:  9    XL:     4   Next: 16%
Magic:  5/5        EV: 20    Int: 12    God:
Gold:   31         SH:  0    Dex: 16    Spells: 0 memorised, 3 levels left

rFire  . . .     SeeInvis +     p - +0 dagger (speed)
rCold  . . .     Clarity  .     c - +0 robe
rNeg   . . .     SustAt   .     (shield restricted)
rPois  .         Gourm    .     (helmet restricted)
rElec  .         Spirit   .     s - +1 cloak
rCorr  .         Warding  .     (gloves unavailable)
rMut   .         NoTele   +     (boots unavailable)
MR     .....                    (no amulet)
Stlth  ++++......               (no ring)
                                (no ring)

@: short of breath, engulfed (cannot breathe), flying, very quick, not resistant
to hostile enchantments, stealthy
A: unfitting armour, see invisible, breathe flames 1, clumsy 1, deterioration 1,
herbivore 3, speed 3, sense surroundings 1, slow metabolism 2, strong 1
a: Breathe Fire


You were in the Dungeon.
You were not hungry.

You visited 1 branch You collected 31 gold pieces.

Inventory:

Hand weapons
 a - a +2 dagger
 b - a +0 blowgun
 p - a +0 dagger of speed (weapon)
 q - a +4 quarterstaff of chaos
Missiles
 e - 8 poisoned needles
 f - 2 curare-tipped needles
Armour
 c - a +0 robe (worn)
 d - a +0 cloak
 s - a +1 cloak (worn)
Magical devices
 o - a wand of fireball (10)
 r - a wand of random effects (46)
Scrolls
 m - a scroll of blinking
 n - a scroll of enchant weapon {unknown}
 u - a scroll of torment {unknown}
 v - 3 scrolls of identify
 w - 4 scrolls of remove curse
 y - a scroll of immolation {unknown}
Potions
 h - 2 potions of curing
 j - a potion of haste
 k - 2 potions of magic
 l - a potion of berserk rage
 z - 2 potions of cure mutation {unknown}
 A - 2 potions of flight
Comestibles
 g - a bread ration
 x - 2 fruits
 B - a royal jelly


   Skills:
 * Level 3.3 Fighting
 * Level 3.7 Short Blades
 * Level 4.4 Throwing
 * Level 5.1 Dodging
 * Level 8.3 Stealth


You had 3 spell levels left.
You didn't know any spells.

Dungeon Overview and Level Annotations

Branches:
Dungeon (1/1)

Altars:


Innate Abilities, Weirdness & Mutations

You are tiny and cannot use many weapons and most armour.
You have supernaturally acute eyesight.
You are a herbivore.
You cover ground extremely quickly.
You need consume almost no food.
You can breathe flames.
You are clumsy. (Dex -2)
Your body sometimes deteriorates upon taking damage.
You passively map a small area around you.
Your muscles are strong. (Str +2)


Message History

You feel somewhat more hungry. The water elemental closely misses you.
You hit the water elemental.
The water elemental is heavily damaged.
The water elemental misses you.
You hit the water elemental but do no damage.
The water elemental is heavily damaged.
You hit the water elemental.
The water elemental is heavily damaged.
Drink which item? (? for menu, Esc to quit)
You feel very buoyant.
You fly up into the air.
The water elemental hits you!
Ouch! That really hurt!
* * * LOW HITPOINT WARNING * * *
The water elemental engulfs you in water!
Drink which item? (? for menu, Esc to quit)
You feel much better.
Your lungs strain for air!
The water elemental hits you!!
Ouch! That really hurt!
You die...

▓▓▓▓▓▓▓▓▓ ▓▓▓ ▓<..#(..####
##.# ▓...#......#####..# _
▓..##.......#..#..# ,
▓##.##.##@.[#..#..###+#+##
##.##.###E.##'#..#.......
▓#.####.##..###...'.⌠.....
▓.###..##..####...#...####
▓#.....##..###....#.⌠.#
###..##...##.....#...#_
##..##....#......#+###
#..###..##.#..†..#, , _
#..# #..#####....#_


You could see a water elemental.

Vanquished Creatures
  Crazy Yiuf (D)
  Jessica (D)
  A human (D)
  An ooze (D)
  2 rats (D)
6 creatures vanquished.

Vanquished Creatures (others)
  A yaktaur (D)
  A plant (D)
2 creatures vanquished.

Grand Total: 8 creatures vanquished

Notes
Turn   | Place    | Note
--------------------------------------------------------------
     0 | D        | Kidiri the Spriggan Assassin began the quest for the Orb.
     0 | D        | Reached XP level 1. HP: 10/10 MP: 2/2
     9 | D        | Reached skill level 6 in Stealth
    12 | D        | Reached skill level 1 in Short Blades
    39 | D        | Killed a yaktaur
    48 | D        | Noticed Jessica
    52 | D        | Killed Jessica
    52 | D        | Reached skill level 7 in Stealth
    52 | D        | Reached XP level 2. HP: 16/16 MP: 3/3
    52 | D        | Reached XP level 3. HP: 19/19 MP: 4/4
   120 | D        | Noticed Crazy Yiuf
   123 | D        | Killed Crazy Yiuf
   123 | D        | Reached skill level 8 in Stealth
   181 | D        | Reached skill level 5 in Dodging
   181 | D        | Reached XP level 4. HP: 15/24 MP: 5/5
   336 | D        | Gained mutation: You are clumsy. (Dex -2) [potion of mutation]
   336 | D        | Gained mutation: Your body sometimes deteriorates upon taking damage. [potion of mutation]
   336 | D        | Gained mutation: You can breathe flames. [potion of mutation]
   337 | D        | Gained mutation: Your muscles are strong. (Str +2) [potion of mutation]
   337 | D        | Gained mutation: You passively map a small area around you. [potion of mutation]
   344 | D        | Noticed a water elemental
   388 | D        | HP: 1/24 [water elemental (12)]
   389 | D        | Slain by a water elemental

Vault maps used:
D:        dungeon_sprint_mu

Action                   |  1- 3 |  4- 6 || total
-------------------------+-------+-------++-------
Melee: Dagger            |    34 |    17 ||    51
 Fire: Blowgun           |     3 |       ||     3
 Abil: Breathe Fire      |       |     2 ||     2
  Use: Potion            |       |     4 ||     4
 Stab: Sleeping          |     4 |       ||     4
